 Dungeon Crawl Stone Soup version 0.30-a0-242-g7bf8e6d787 (webtiles) character file.

Game seed: 15817967608999619721

107 KennySheep the Trooper (level 4, -4/50 HPs)
             Began as an Ogre Cinder Acolyte on Oct 11, 2022.
             Was a High Priest of Ignis.
             Slain by Terence
             ... wielding a +0 hand axe
              (7 damage)
             ... on level 2 of the Dungeon on Oct 12, 2022.
             The game lasted 00:06:33 (1766 turns).

KennySheep the Trooper (Ogre Cinder Acolyte)        Turns: 1766, Time: 00:06:34

Health: -4/50      AC:  3    Str: 20    XL:     4   Next: 85%
Magic:  5/5        EV:  9    Int: 15    God:    Ignis [*****.]
Gold:   49         SH:  0    Dex:  4    Spells: 5/5 levels left

rFire   + . .      SeeInvis .    a - -1 mace (flame)
rCold   . . .      Faith    .    (no shield)
rNeg    . . .      Spirit   .    b - +0 robe
rPois   .          Reflect  .    (helmet restricted)
rElec   .          Harm     .    (no cloak)
rCorr   .          Rampage  .    (gloves unavailable)
Will    .....                    (boots unavailable)
Stlth   +.........               (no amulet)
HPRegen 0.28/turn                (no ring)
MPRegen 0.09/turn                (no ring)

@: no status effects
A: large, unfitting armour, tough skin 1
a: Renounce Religion, Fiery Armour, Foxfire Swarm, Rising Flame


You were on level 2 of the Dungeon.
You worshipped Ignis.
Ignis was extremely pleased with you.
You visited 1 branch of the dungeon, and saw 2 of its levels.

You collected 133 gold pieces.
You spent 84 gold pieces at shops.

Inventory:

Hand Weapons
 a - a -1 mace of flaming (weapon)
Missiles
 i - 6 atropa-tipped darts (quivered)
 j - 16 stones
Armour
 b - a +0 robe (worn)
Scrolls
 e - 2 scrolls of teleportation {unknown}
 f - 2 scrolls of enchant armour {unknown}
 h - a scroll of immolation {unknown}
 m - 2 scrolls of identify {unknown}
 n - a scroll of enchant weapon {unknown}
 p - a scroll of fog {unknown}
Potions
 c - a potion of curing {unknown}
 d - a potion of heal wounds {unknown}
 g - a potion of ambrosia {unknown}
 k - a potion of flight {unknown}
 o - 2 potions of lignification


   Skills:
 + Level 5.2 Fighting
 * Level 4.3 Maces & Flails
 - Level 1.2 Spellcasting
 - Level 2.6 Fire Magic


You had 5 spell levels left.
You didn't know any spells.
Your spell library contained the following spells:

 Spells                   Type           Power      Damage    Failure   Level
 Scorch                   Fire           16%        2d5       12%         2
 Sublimation of Blood     Necr           0%         N/A       36%         2
 Petrify                  Tmut/Erth      0%         N/A       94%         4
 Irradiate                Conj/Tmut      0%         3d11      100%        5


Dungeon Overview and Level Annotations

Branches:
Dungeon (2/15)

Altars:

Shops:
D:2 !

Annotations:
D:2 Terence


Innate Abilities, Weirdness & Mutations

You are too large for most types of armour.
You have tough skin. (AC +1)


Message History

Throw: 8 darts (atropa)
Press: ? - help, Q - select action, (/) - cycle Shift-Dir - straight line, f/p - Terence
Aim: Terence, wielding a +0 hand axe and wearing a +0 chain mail of fire resistance (moderately wounded, 61% to hit, chance to blind on hit: 100%)
You throw an atropa-tipped dart. The atropa-tipped dart hits Terence.
Terence appears confused.
Terence is moderately wounded.
Terence says, "Why is everything spinning?"
Terence closely misses you.
You catch the helpless Terence completely off-guard!
You hit Terence. You burn Terence.
Terence is heavily wounded.
Terence seems less confused.
You see here an atropa-tipped dart.
You hit Terence but do no damage.
Terence is heavily wounded.
Terence is no longer blind.
Terence hits you with a +0 hand axe.
* * * LOW HITPOINT WARNING * * *
You hit Terence.
Terence is severely wounded.
Terence misses you.
Throw: 7 darts (atropa)
Press: ? - help, Q - select action, (/) - cycle Shift-Dir - straight line, f/p - Terence
Aim: Terence, wielding a +0 hand axe and wearing a +0 chain mail of fire resistance (severely wounded, 61% to hit, chance to blind on hit: 100%)
You throw an atropa-tipped dart. The atropa-tipped dart hits Terence.
Terence appears confused.
Terence is severely wounded.
Terence hits you with a +0 hand axe!
* * * LOW HITPOINT WARNING * * *
You barely miss Terence.
Terence is severely wounded.
Terence seems less confused.
Terence hits you with a +0 hand axe.
* * * LOW HITPOINT WARNING * * *
You closely miss Terence.
Terence is severely wounded.
Terence barely misses you.
You hit Terence but do no damage.
Terence is severely wounded.
Terence says, "Don't bother to defend, it's pointless."
Terence barely misses you. Terence hits you with a +0 hand axe!
You die...

##### #..(#
#..@# #..@#
#..(# #...#
#...#######
#.........# #
#.........# .#
.
#.........##.#
#
#....†.......#
#
#...........#


You could see Terence (blind).

Vanquished Creatures
  Jessica (D:2)
  A gnoll (D:2)
  2 adders (D:2)
  3 worms (D:2)
  A dart slug (D:1)
  3 bats (D:1)
  3 endoplasms
  7 giant cockroaches
  3 hobgoblins (D:1)
  A quokka (D:2)
  3 ball pythons (D:2)
  5 goblins
  5 kobolds (D:1)
  3 rats
41 creatures vanquished.

Notes
Turn   | Place    | Note
-------+----------+-------------------------------------------
     0 | D:1      | KennySheep the Ogre Cinder Acolyte began the quest for the
                  | Orb.
     0 | D:1      | Reached XP level 1. HP: 24/24 MP: 2/2
   141 | D:1      | Reached XP level 2. HP: 31/32 MP: 3/3
   649 | D:1      | Reached XP level 3. HP: 40/40 MP: 4/4
  1179 | D:2      | Noticed Jessica
  1182 | D:2      | Killed Jessica
  1266 | D:2      | Reached XP level 4. HP: 48/49 MP: 5/5
  1278 | D:2      | Reached skill level 5 in Fighting
  1452 | D:2      | Found Numeniu's Distillery.
  1473 | D:2      | Bought 2 potions of lignification for 84 gold pieces
  1746 | D:2      | Noticed Terence
  1764 | D:2      | HP: 2/50 [Terence/+0 hand axe (6)]
  1766 | D:2      | Slain by Terence

Illustrated notes

Levels and vault maps discovered:
D:1:      psy_arrival_radial02, layout_loops_ring,
          hangedman_abyss_or_decor_lesser_grid
D:2:      layout_basic, serial_shops, shop, minmay_cut_off, uniq_terence,
          uniq_jessica

Skill      XL: |  1  2  3  4 |
---------------+-------------+-----
Maces & Flails | 3 4 |  4.3
Fighting       | 5 |  5.2
Spellcasting   | |  1.2
Fire Magic     | |  2.6

Action                   |  1- 3 |  4- 6 || total
-------------------------+-------+-------++-------
Melee: Mace              |    84 |    68 ||   152
Throw: Dart              |       |     3 ||     3
       Throwing net      |       |     1 ||     1
 Stab: Invisible         |       |     1 ||     1
Armor: Robe              |    35 |    13 ||    48
Dodge: Dodged            |    35 |    32 ||    67

Table legend: (Time is in decaauts)
 A = Elapsed time spent in this place.
 B = Non-inter-level travel time spent in this place.
 C = Inter-level travel time spent in this place.
 D = Time resting spent in this place.
 E = Time spent auto-exploring this place.
 F = Levels seen in this place.
 G = Mean time per level.
                   A        B        C        D        E       F      G
               +--------+--------+--------+--------+--------+-----+--------+
         Total |   1798 |   1691 |    107 |      0 |   1373 |   2 |  899.0 |
       Dungeon |   1798 |   1691 |    107 |      0 |   1373 |   2 |  899.0 |
               +--------+--------+--------+--------+--------+-----+--------+

Top non-repeatable levels by time:
     D:1: 1120 daAuts
     D:2: 678 daAuts
